 Dungeon Crawl Stone Soup version 0.25-a0-178-gc9f82b1288 (webtiles) character file.

Game seed: 18174389687065729486, levelgen mode: deterministic

5698 vurker the Zephyrmancer (level 10, -1/60 HPs)
             Began as a Tengu Air Elementalist on Nov 26, 2019.
             Was an Elder of Vehumet.
             Succumbed to a worker ant's poison
             ... while paralysed by a hornet
             ... on level 9 of the Dungeon.
             The game lasted 00:24:55 (12999 turns).

vurker the Zephyrmancer (Tengu Air Elementalist)   Turns: 12999, Time: 00:24:56

Health: -1/60      AC:  6    Str:  9    XL:     10   Next: 76%
Magic:  23/23      EV:  2    Int: 22    God:    Vehumet [****..]
Gold:   43         SH:  0    Dex: 15    Spells: 12/25 levels left

rFire    . . .     SeeInvis .   n - +2 dagger (flame)
rCold    + . .     Gourm    .   (no shield)
rNeg     + . .     Faith    .   B - +1 leather armour {rC+}
rPois    .         Spirit   .   (helmet restricted)
rElec    .         Reflect  .   (no cloak)
rCorr    .         Harm     +   w - +1 pair of gloves "Paheo" {rN+}
MR       .....                  (boots unavailable)
Stlth    ++........             x - amulet of harm
HPRegen  0.20/turn              k - +4 ring of intelligence
MPRegen  0.18/turn              (no ring)

@: paralysed, lethally poisoned (-1 -> -32), flying quickly and evasively,
slowed, quick
A: beak, talons 3, able to fly
a: Stop Flying, Renounce Religion


You were on level 9 of the Dungeon.
You worshipped Vehumet.
Vehumet was greatly pleased with you.
You were not hungry.

You visited 1 branch of the dungeon, and saw 9 of its levels.

You collected 585 gold pieces.
You spent 542 gold pieces at shops.

Inventory:

Hand Weapons
 b - a +3 flail of venom
   (You took it off an orc on level 8 of the Dungeon)
 n - a +2 dagger of flaming (weapon)
   (You took it off an orc wizard on level 4 of the Dungeon)
Armour
 w - the +1 pair of gloves "Paheo" (worn) {rN+}
   (You bought it in a shop on level 5 of the Dungeon)

   It protects you from negative energy.
 B - a +1 leather armour of cold resistance (worn)
   (You took it off an orc on level 8 of the Dungeon)
Jewellery
 k - a +4 ring of intelligence (left hand)
   (You found it on level 2 of the Dungeon)
 x - an amulet of harm (around neck)
   (You found it on level 6 of the Dungeon)
Wands
 c - a wand of disintegration (1)
   (You took it off Ijyb on level 4 of the Dungeon)
 d - a wand of iceblast (10)
   (You found it on level 7 of the Dungeon)
 p - a wand of polymorph (7)
   (You found it on level 5 of the Dungeon)
 u - a wand of paralysis (24)
   (You found it on level 3 of the Dungeon)
Scrolls
 l - 3 scrolls of remove curse
 q - 2 scrolls of magic mapping
 s - 4 scrolls of teleportation
 t - a scroll of enchant armour
Potions
 f - 3 potions of heal wounds
 g - 2 potions of magic
 h - 4 potions of curing
 i - 2 potions of cancellation
 m - 3 potions of might {unknown}
 o - a potion of invisibility {unknown}
 r - a potion of resistance
 v - a potion of mutation {unknown}
 y - 3 potions of agility
 z - a potion of lignification {unknown}
 A - a potion of brilliance {unknown}
Comestibles
 a - 7 chunks of flesh
 e - 14 rations


   Skills:
 + Level 5.8 Fighting
 - Level 2.1 Dodging
 - Level 2.0 Stealth
 * Level 8.0 Spellcasting
 * Level 10.8 Conjurations
 * Level 11.5 Air Magic


You had 12 spell levels left.
You knew the following spells:

 Your Spells              Type           Power        Failure   Level  Hunger
a - Shock                 Conj/Air       ####         1%          1    None
b - Static Discharge      Conj/Air       ######..     1%          3    None
c - Airstrike             Air            ######....   1%          4    ###....
d - Lightning Bolt        Conj/Air       ######....   1%          5    #####..

Your spell library contained the following spells:

 Spells                   Type           Power        Failure   Level  Hunger
 Dazzling Spray           Conj/Hex       ####..       1%          3    None
 Swiftness                Chrm/Air       ####....     1%          2    None


Dungeon Overview and Level Annotations

Branches:
Dungeon (9/15)             Temple (0/1) D:6            Lair (0/6) D:8
    Orc: D:9-12

Altars:
Elyvilon
Ru
Uskayaw
Vehumet
Wu Jian
Zin
Beogh

Shops:
D:5 *


Innate Abilities, Weirdness & Mutations

You have a beak for a mouth.
You have claws for feet.
You can fly continuously.


Message History

Vehumet accepts your kill.
You feel your power returning.
Aim: an orc warrior, wielding a +0 flail and wearing a +0 plate armour (moderately wounded)
The air twists around and strikes the orc warrior!
The orc warrior barely misses you.
Aim: an orc warrior, wielding a +0 flail and wearing a +0 plate armour (almost dead)
The air twists around and strikes the orc warrior!
You kill the orc warrior!
Vehumet accepts your kill.
Things that are here:
a +0 flail; a +0 plate armour; an orc corpse You butcher the orc corpse.
a - 4 chunks of flesh
Things that are here:
a +0 flail; a +0 plate armour; an orc skeleton
Things that are here:
a +0 flail; a +0 plate armour; an orc skeleton
Things that are here:
a +0 dagger; a +0 robe You butcher the orc corpse.
a - 7 chunks of flesh (gained 3)
You see here an orc skeleton. x2
You can't see any susceptible monsters within range! (Use Z to cast anyway.)
Okay, then.
A worker ant and a hornet come into view.
The hornet buzzes angrily.
You hear an angry buzzing noise.
The worker ant twitches its antennae in your direction.
The hornet stings you but does no damage.
The worker ant barely misses you. The hornet stings you!
You are poisoned.
You suddenly lose the ability to move!
You feel sick.
A hornet comes into view.
The worker ant bites you but does no damage.
The hornet stings you!
* * * LOW HITPOINT WARNING * * *
You are more poisoned.
You feel yourself slow down.
You feel sick. The hornet stings you!
* * * LOW HITPOINT WARNING * * *
You are lethally poisoned!
You feel as though you will be slow longer.
The worker ant bites you.
* * * LOW HITPOINT WARNING * * *
You are more poisoned.
The worker ant poisons you! The hornet stings you!
* * * LOW HITPOINT WARNING * * *
You shrug off the repeated paralysis!
The worker ant bites you.
* * * LOW HITPOINT WARNING * * *
You die...

.......##.#.####
#.........#))...
#.........).....
#...≈≈..###.....
##..≈≈.)# #.....
## #......#
#..... #y#
#####.#.# #.....
##y#.# #.#.#
#..... #.#@#
#.#)# #.....
#.#a####.#.#
######
###.###.....÷#
#.......####.#
###....## ###
######


You could see 2 hornets and a worker ant.

Vanquished Creatures
  2 two-headed ogres
  2 trolls
  3 yaks
  A hungry ghost (D:7)
  Edmund (D:4)
  2 porcupines (D:8)
  2 orc warriors
  3 phantoms
  A sky beast (D:8)
  3 ogres
  2 centaurs
  A gnoll sergeant (D:8)
  6 bullfrogs
  A water moccasin zombie (D:7)
  2 scorpions
  3 wights (D:9)
  A howler monkey (D:4)
  3 crimson imps
  2 quasits
  A bullfrog zombie (D:5)
  11 orc priests
  A jelly (D:6)
  3 hounds
  9 orc wizards
  2 iguanas
  Ijyb (D:4)
  3 worker ants
  A hound skeleton (D:8)
  3 gnolls (D:8)
  10 adders
  2 shadow imps
  2 oozes (D:2)
  2 adder zombies
  An adder skeleton (D:4)
  A worm (D:4)
  2 dart slugs
  4 leopard geckos
  66 orcs
  8 bats
  5 giant cockroaches
  6 goblins
  6 hobgoblins
  3 jackals (D:6)
  7 quokkas
  2 ball pythons
  6 frilled lizards
  7 kobolds
  A leopard gecko skeleton (D:4)
  9 rats
226 creatures vanquished.

Notes
Turn   | Place    | Note
-------+----------+-------------------------------------------
     0 | D:1      | vurker the Tengu Air Elementalist began the quest for the
                  | Orb.
     0 | D:1      | Reached XP level 1. HP: 10/10 MP: 4/4
   546 | D:1      | Reached XP level 2. HP: 15/15 MP: 4/6
  1894 | D:2      | Reached XP level 3. HP: 20/20 MP: 4/7
  1927 | D:2      | Learned a level 3 spell: Static Discharge
  2347 | D:2      | Found a radiant altar of Vehumet.
  2359 | D:2      | Became a worshipper of Vehumet
  2575 | D:2      | Reached XP level 4. HP: 21/24 MP: 5/9
  2694 | D:2      | Learned a level 4 spell: Airstrike
  2752 | D:3      | Reached skill level 1 in Fighting
  2800 | D:3      | Reached skill level 5 in Air Magic
  3067 | D:3      | Found a sacrificial altar of Ru.
  3121 | D:3      | Gained mutation: You can fly continuously. [Tengu growth]
  3121 | D:3      | Reached XP level 5. HP: 29/29 MP: 3/10
  3482 | D:3      | Found a white marble altar of Elyvilon.
  4094 | D:3      | Found a sacrificial altar of Ru.
  4306 | D:3      | Found a white marble altar of Elyvilon.
  4729 | D:3      | Found a sacrificial altar of Ru.
  4976 | D:3      | Found a white marble altar of Elyvilon.
  5175 | D:4      | Reached * piety under Vehumet
  5175 | D:4      | Offered knowledge of Flame Tongue by Vehumet.
  5175 | D:4      | Reached XP level 6. HP: 16/35 MP: 1/12
  5385 | D:4      | Reached skill level 6 in Air Magic
  5398 | D:4      | Noticed Edmund
  5420 | D:4      | Killed Edmund
  5580 | D:4      | Found a glowing silver altar of Zin.
  5587 | D:4      | Reached skill level 5 in Conjurations
  5587 | D:4      | Reached XP level 7. HP: 37/40 MP: 10/13
  5723 | D:4      | Noticed Ijyb
  5730 | D:4      | Killed Ijyb
  6005 | D:4      | Reached skill level 7 in Air Magic
  6613 | D:5      | Entered Level 5 of the Dungeon
  6620 | D:5      | Learned a level 5 spell: Lightning Bolt
  6620 | D:5      | Found a sacrificial altar of Ru.
  6883 | D:5      | Found a hide-covered altar of Uskayaw.
  6937 | D:5      | Found an ornate altar of the Wu Jian Council.
  7288 | D:5      | Got a steaming quarterstaff
  7289 | D:5      | Identified the cursed +1 quarterstaff "Amaidaot" {chaos,
                  | MR+} (You found it on level 5 of the Dungeon)
  7339 | D:5      | Noticed a two-headed ogre
  7471 | D:5      | Killed a two-headed ogre
  7471 | D:5      | Reached skill level 5 in Spellcasting
  7471 | D:5      | Reached skill level 8 in Air Magic
  7471 | D:5      | Reached XP level 8. HP: 31/48 MP: 6/17
  7742 | D:5      | Found Icrott Vunti's Assorted Antiques.
  7755 | D:5      | Bought a pair of faintly glowing gloves for 323 gold pieces
  7760 | D:5      | Identified the +1 pair of gloves "Paheo" {rN+} (You bought
                  | it in a shop on level 5 of the Dungeon)
  8010 | D:6      | Reached XP level 9. HP: 42/52 MP: 9/18
  8096 | D:6      | Offered knowledge of Sandblast by Vehumet.
  8100 | D:6      | Reached ** piety under Vehumet
  8335 | D:6      | Reached skill level 9 in Air Magic
  8588 | D:6      | Found a staircase to the Ecumenical Temple.
  8845 | D:6      | Got a bloodstained hand crossbow
  8846 | D:6      | Identified the cursed +0 hand crossbow of Mandamus {elec,
                  | rPois Dex+4} (You found it on level 6 of the Dungeon)
  9770 | D:7      | Noticed a troll
  9774 | D:7      | Killed a troll
  9774 | D:7      | Reached skill level 10 in Air Magic
 10279 | D:5      | Bought an orange potion for 30 gold pieces
 10279 | D:5      | Bought a scroll labeled JONIAP BIAM HAU for 34 gold pieces
 10279 | D:5      | Bought a ruby potion for 30 gold pieces
 10670 | D:8      | Reached skill level 5 in Fighting
 10706 | D:8      | Reached XP level 10. HP: 59/59 MP: 14/21
 10852 | D:8      | Found a staircase to the Lair.
 10870 | D:8      | Noticed a two-headed ogre
 10878 | D:8      | Offered knowledge of Throw Frost by Vehumet.
 10924 | D:8      | Killed a two-headed ogre
 10924 | D:8      | Reached skill level 10 in Conjurations
 11351 | D:8      | Reached *** piety under Vehumet
 11795 | D:8      | Found a roughly hewn altar of Beogh.
 11808 | D:8      | Offered knowledge of Dazzling Spray by Vehumet.
 11808 | D:8      | Reached skill level 11 in Air Magic
 12092 | D:5      | Bought a glowing robe for 125 gold pieces
 12911 | D:9      | Reached **** piety under Vehumet
 12996 | D:9      | Paralysed by a hornet for 3 turns
 12998 | D:9      | HP: 2/60 [worker ant (2)]
 12999 | D:9      | Succumbed to a worker ant's poison

Levels and vault maps discovered:
D:1:      wheals_arrival_shading, layout_basic
D:2:      layout_loops_ring, vehumet_crystals
D:3:      cheibrodos_old_hovel, layout_loops_cross, elyvilon_altar_3,
          first_ration, nicolae_ru_path_of_blood
D:4:      layout_loops_ring, lemuel_doored_altar, uniq_ijyb, uniq_edmund
D:5:      layout_basic, eat_drink_and_be_merry_uskayaw,
          nicolae_overflow_crystal_walls, kennysheep_mini_moat, serial_shops,
          shop, minmay_divided_ellipse
D:6:      layout_cave_pods, minmay_temple_entry_hall
D:7:      layout_layer_cave
D:8:      layout_cave_pods, grunt_lair_entry_orc_guard_hut, special_room
          [special_room_orc]
D:9:      minmay_chambers_of_sevens, layout_basic, basic_altar,
          hangedman_pestilent_swarm

Skill      XL: |  1  2  3  4  5  6  7  8  9 10 |
---------------+-------------------------------+-----
Conjurations   | 2 3 4 5 7 9 10 | 10.8
Fighting       | 1 2 3 4 5 |  5.8
Air Magic      | 5 6 8 10 11 | 11.5
Spellcasting   | 3 5 7 8 |  8.0
Dodging        | |  2.1
Stealth        | |  2.0

Action                   |  1- 3 |  4- 6 |  7- 9 | 10-12 || total
-------------------------+-------+-------+-------+-------++-------
Melee: Unarmed           |     3 |       |       |       ||     3
       Kick              |     1 |     6 |     1 |       ||     8
       Dagger            |       |    18 |     4 |     1 ||    23
       Peck              |       |     5 |     1 |       ||     6
 Cast: Shock             |    70 |    94 |   183 |   148 ||   495
       Airstrike         |       |     3 |    28 |    24 ||    55
       Static Discharge  |       |       |     1 |     1 ||     2
 Abil: Fly               |       |       |     1 |       ||     1
Evoke: Wand              |       |     1 |    11 |       ||    12
  Use: Scroll            |     4 |     5 |     9 |     1 ||    19
 Stab: Paralysed         |       |    10 |       |       ||    10
  Eat: Chunk             |     6 |     6 |    19 |     8 ||    39
       Ration            |       |     1 |       |       ||     1
Armor: Robe              |     1 |     6 |     9 |     3 ||    19
       Leather armour    |       |       |       |     6 ||     6
Dodge: Dodged            |    15 |    22 |    40 |    25 ||   102

Table legend:
 A = Non-vault XP
 B = Vault XP
 C = Vault XP percentage of total XP
 D = Non-vault monster count
 E = Vault monster count
 F = Vault count percentage of total count
                 A         B        C        D         E       F
            +---------+---------+-------+---------+---------+-------
      Total |    6144 |    1996 |  24.5 |     187 |      39 |  17.3
            +---------+---------+-------+---------+---------+-------
        D:1 |      29 |       0 |   0.0 |      20 |       0 |   0.0
        D:2 |      56 |       0 |   0.0 |      18 |       0 |   0.0
        D:3 |     180 |       2 |   1.1 |      29 |       1 |   3.3
        D:4 |     531 |     211 |  28.4 |      27 |       2 |   6.9
        D:5 |     148 |    1045 |  87.6 |      10 |       7 |  41.2
        D:6 |     679 |       0 |   0.0 |      18 |       0 |   0.0
        D:7 |    1222 |       0 |   0.0 |      18 |       0 |   0.0
        D:8 |    2075 |     738 |  26.2 |      33 |      29 |  46.8
        D:9 |    1224 |       0 |   0.0 |      14 |       0 |   0.0
            +---------+---------+-------+---------+---------+-------
